[Event "December 19 Early 2023"]
[Site "https://www.chess.com"]
[Date "2023.12.19"]
[Round "3"]
[White "Perez Cruz, Adianet"]
[Black "Santos Flores, Alberto"]
[Result "0-1"]
[Board "175"]
[TimeControl "180+1"]
[WhiteFideId "3510115"]
[BlackFideId "3601234"]
[WhiteElo "2002"]
[BlackElo "2229"]
[WhiteTeam "CUB"]
[BlackTeam "ECU"]
[WhiteClock "0:01:42"]
[BlackClock "0:00:45"]

1. d4 Nf6 2. Bg5 Ne4 3. Bf4 c5 4. f3 Nf6 5. d5 d6 6. e4 g6 7. c4 Bg7 8. Nc3 O-O 9. h4 a6 10. a4 Re8 11. Be2 e6 12. Qd2 exd5 13. Nxd5 Nxd5 14. cxd5 Qc7 15. Nh3 Nd7 16. O-O Rb8 17. a5 b5 18. axb6 Rxb6 19. Rab1 Ne5 20. h5 Bxh3 21. gxh3 Reb8 22. hxg6 Nxg6 23. Bh6 Rxb2 24. Rxb2 Rxb2 25. Qg5 Bxh6 26. Qxh6 Rxe2 27. Rb1 a5 28. h4 a4 29. h5 a3 30. hxg6 hxg6 31. Kf1 Rb2 32. Ra1 a2 33. Qc1 Qb6 0-1

[Event "December 19 Early 2023"]
[Site "https://www.chess.com"]
[Date "2023.12.19"]
[Round "3"]
[White "Baziuk, Vladyslav"]
[Black "Zepeda Berlanga, Jan Enrique"]
[Result "0-1"]
[Board "176"]
[TimeControl "180+1"]
[WhiteFideId "34107940"]
[BlackFideId "5132355"]
[WhiteElo "2019"]
[BlackElo "1680"]
[WhiteTeam "UKR"]
[BlackTeam "MEX"]
[WhiteClock "0:00:21"]
[BlackClock "0:00:05"]

1. e4 c5 2. Nf3 d6 3. d4 cxd4 4. Nxd4 Nf6 5. Nc3 Nc6 6. Bg5 e6 7. Qd2 Be7 8. O-O-O O-O 9. h4 a6 10. Bxf6 Bxf6 11. Nxc6 bxc6 12. Qxd6 Qb6 13. Qa3 Qxf2 14. Bd3 Rb8 15. g4 Qf4+ 16. Kb1 Qxg4 17. h5 Rd8 18. Rdg1 Qf4 19. Qa5 Rxd3 20. e5 Qxe5 21. Qxe5 Bxe5 22. cxd3 Bxc3 23. Kc2 Bf6 24. b4 h6 25. a3 Bd7 26. Rh3 Rc8 27. Rf3 Kf8 28. d4 Bxd4 29. Rd1 c5 30. Kb1 Ba4 31. Rd2 e5 32. bxc5 Rxc5 33. Rf1 Rb5+ 34. Ka2 Ke7 35. Rd3 Rb2+ 36. Ka1 Bb5 37. Rxd4 exd4 38. Re1+ Re2 39. Rc1 d3 40. Rc7+ Kd6 41. Rxf7 d2 42. Rxg7 d1=Q# 0-1

[Event "December 19 Early 2023"]
[Site "https://www.chess.com"]
[Date "2023.12.19"]
[Round "3"]
[White "Santos, Isaque Goncalves"]
[Black "Iljin, Timofey"]
[Result "0-1"]
[Board "177"]
[TimeControl "180+1"]
[WhiteFideId "2103885"]
[BlackFideId "14110180"]
[WhiteElo "1901"]
[BlackElo "2380"]
[WhiteTeam "BRA"]
[BlackTeam "UKR"]
[WhiteClock "0:00:09"]
[BlackClock "0:00:23"]

1. d4 f5 2. Qd3 d6 3. g4 fxg4 4. h3 g3 5. fxg3 Nf6 6. Nf3 g6 7. e4 Bg7 8. Bg2 O-O 9. O-O Nbd7 10. c4 e5 11. dxe5 dxe5 12. g4 c6 13. Be3 Qc7 14. Nc3 Nb8 15. Rad1 Na6 16. a3 Be6 17. Ng5 Rad8 18. Qe2 Bc8 19. b4 h6 20. Nf3 Be6 21. Nh4 Qf7 22. Rxd8 Rxd8 23. Rd1 Rxd1+ 24. Qxd1 Bxc4 25. Qd8+ Kh7 26. Bxa7 Nxg4 27. hxg4 Bf6 28. Qd2 Bxh4 29. Kh2 c5 30. bxc5 Bg5 31. Qb2 Qf4+ 32. Kg1 Qe3+ 33. Kh1 Qe1+ 34. Kh2 Bf4+ 35. Kh3 Qg3# 0-1

[Event "December 19 Early 2023"]
[Site "https://www.chess.com"]
[Date "2023.12.19"]
[Round "3"]
[White "Durucay, Uygar"]
[Black "Masterisback04"]
[Result "1-0"]
[Board "178"]
[TimeControl "180+1"]
[WhiteFideId "44591560"]
[WhiteElo "1913"]
[BlackElo "1737"]
[WhiteTeam "TUR"]
[WhiteClock "0:00:19"]
[BlackClock "0:00:05"]

1. d4 Nf6 2. Nf3 d5 3. c4 c6 4. Qc2 Bg4 5. Ne5 Bh5 6. cxd5 Nxd5 7. Qb3 Qb6 8. Qxb6 Nxb6 9. e4 N8d7 10. Nxd7 Nxd7 11. Nc3 e6 12. h4 Bb4 13. Be3 Bg6 14. f3 h5 15. a3 Be7 16. b4 O-O 17. Be2 a5 18. b5 cxb5 19. Bxb5 Nf6 20. Kf2 Rfc8 21. Rhc1 Ne8 22. Bxe8 Rxe8 23. Nb5 Rac8 24. a4 Bb4 25. Na7 Rxc1 26. Rxc1 Be7 27. Nb5 Bxh4+ 28. g3 Be7 29. Rc7 b6 30. Rc6 Rb8 31. Bf4 Rd8 32. Rxb6 Bb4 33. Rb7 f6 34. Rc7 Be8 35. Be3 Rb8 36. d5 exd5 37. exd5 Bxb5 38. axb5 Rxb5 39. Rd7 Rb8 40. Bf4 Ra8 41. d6 a4 42. Rc7 a3 43. d7 Rd8 44. Rc8 Be7 45. Bc7 a2 46. Bxd8 Bc5+ 47. Kg2 Kf7 48. Bxf6 gxf6 49. d8=Q a1=Q 50. Qe8+ Kg7 51. Rc7+ Kh6 52. Qh8+ Kg5 53. Rxc5+ f5 54. Qxa1 1-0

[Event "December 19 Early 2023"]
[Site "https://www.chess.com"]
[Date "2023.12.19"]
[Round "3"]
[White "Rangel, Daniel"]
[Black "UnTucopalaTimba"]
[Result "1-0"]
[Board "179"]
[TimeControl "180+1"]
[WhiteFideId "2124475"]
[WhiteElo "2267"]
[BlackElo "1672"]
[WhiteTeam "BRA"]
[WhiteClock "0:00:06"]
[BlackClock "0:00:00"]

1. e4 c6 2. c4 d5 3. cxd5 cxd5 4. exd5 Qxd5 5. Nc3 Qa5 6. Nf3 Nf6 7. Bc4 Bg4 8. h3 Bh5 9. d4 e6 10. O-O Be7 11. Qd3 Bg6 12. Qe2 Nc6 13. a3 O-O 14. Bf4 a6 15. Rad1 b5 16. Ba2 Qb6 17. Rfe1 Rfd8 18. d5 exd5 19. Bxd5 Bc5 20. Ne5 Nxd5 21. Nxd5 Qb7 22. Nxc6 Qxc6 23. Ne7+ Bxe7 24. Qxe7 Re8 25. Qb4 Bc2 26. Rc1 Rxe1+ 27. Qxe1 Qg6 28. Qe3 Be4 29. Qg3 Qxg3 30. Bxg3 Re8 31. Rc7 f6 32. Bf4 g5 33. Bd2 Ra8 34. Bc3 a5 35. Bxf6 b4 36. axb4 axb4 37. Bxg5 Ra2 38. Bf6 Ra1+ 39. Kh2 Rf1 40. f3 Bg6 41. Kg3 Rd1 42. Be5 Rd5 43. f4 Rd3+ 44. Kh4 Rd2 45. g4 Be4 46. Kg5 Rd3 47. h4 Rd5 48. h5 Rb5 49. h6 Rb6 50. Rg7+ Kf8 51. Ra7 Rg6+ 52. Kh5 1-0

[Event "December 19 Early 2023"]
[Site "https://www.chess.com"]
[Date "2023.12.19"]
[Round "3"]
[White "Matveeva, Olga"]
[Black "Do Nascimento,Christian Almeida"]
[Result "1/2-1/2"]
[Board "180"]
[TimeControl "180+1"]
[WhiteFideId "24107018"]
[BlackFideId "2143801"]
[WhiteElo "1883"]
[BlackElo "2118"]
[WhiteTeam "RUS"]
[BlackTeam "BRA"]
[WhiteClock "0:00:04"]
[BlackClock "0:00:20"]

1. d4 Nf6 2. c4 e6 3. g3 d5 4. Nf3 a6 5. Bg2 dxc4 6. O-O c5 7. dxc5 Qxd1 8. Rxd1 Bxc5 9. Ne5 O-O 10. Nxc4 Nc6 11. Nc3 h6 12. Bf4 Ne7 13. Bd6 Bxd6 14. Nxd6 Rb8 15. Rac1 b5 16. Kf1 Bd7 17. Nce4 Nxe4 18. Nxe4 Rfd8 19. Nc5 Bc6 20. Rxd8+ Rxd8 21. Bxc6 Nxc6 22. Nxe6 Rd6 23. Nc5 Ne5 24. Ne4 Re6 25. f3 Nc4 26. b3 Ne3+ 27. Kf2 Nd5 28. Rd1 Nb4 29. a3 Nc2 30. a4 b4 31. Rd5 g6 32. Nc5 Rc6 33. e4 Kf8 34. Ke2 Na1 35. Kd3 Nxb3 36. Nxb3 Rc3+ 37. Kd4 Rxb3 38. Ra5 Rxf3 39. Rxa6 Rf2 40. Rb6 Rxh2 41. Rxb4 Ra2 42. Kc5 g5 43. Kb6 Ke7 44. a5 h5 45. a6 Ke6 46. a7 h4 47. gxh4 gxh4 48. Kb7 h3 49. Rb1 Ke5 50. a8=Q Rxa8 51. Kxa8 Kxe4 52. Rh1 f5 53. Rxh3 f4 54. Kb7 f3 55. Rxf3 Kxf3 1/2-1/2

[Event "December 19 Early 2023"]
[Site "https://www.chess.com"]
[Date "2023.12.19"]
[Round "3"]
[White "Mohammed, Zozek Salah Mohammed"]
[Black "Weishaeutel, Moritz"]
[Result "1/2-1/2"]
[Board "181"]
[TimeControl "180+1"]
[WhiteFideId "4803361"]
[BlackFideId "12967300"]
[WhiteElo "2211"]
[BlackElo "2321"]
[WhiteTeam "IRQ"]
[BlackTeam "GER"]
[WhiteClock "0:00:08"]
[BlackClock "0:00:03"]

1. d4 e6 2. Nf3 d5 3. g3 Nf6 4. Bg2 Be7 5. O-O O-O 6. c4 dxc4 7. Qc2 a6 8. a4 b6 9. Ne5 Ra7 10. Qxc4 Bb7 11. Bf4 Bxg2 12. Kxg2 c5 13. dxc5 Bxc5 14. Nc3 Nbd7 15. Nxd7 Rxd7 16. Qxa6 Nd5 17. Nxd5 Rxd5 18. Qc4 Rd4 19. Qc2 Qd5+ 20. f3 Rd8 21. b3 Qd7 22. Be3 Rd5 23. Bxc5 Rd2 24. Qe4 bxc5 25. a5 Qb5 26. Rfe1 R8d4 27. Qa8+ Rd8 28. Qe4 Qa6 29. Qc4 Qa7 30. a6 g6 31. Ra5 R2d5 32. e4 Rd2+ 33. Kh3 e5 34. Qxc5 Qd7+ 35. g4 Rxh2+ 36. Kxh2 Qd2+ 37. Kh3 Qxe1 38. Ra2 Qh1+ 39. Kg3 Rd1 40. a7 Rg1+ 41. Qxg1 Qxg1+ 42. Kh3 Qh1+ 43. Kg3 Qg1+ 44. Kh3 Qf1+ 45. Kg3 Qg1+ 1/2-1/2

[Event "December 19 Early 2023"]
[Site "https://www.chess.com"]
[Date "2023.12.19"]
[Round "3"]
[White "Elissalt Cardenas, Hector"]
[Black "Baches Garcia, Guillermo"]
[Result "0-1"]
[Board "182"]
[TimeControl "180+1"]
[WhiteFideId "3500632"]
[BlackFideId "2209764"]
[WhiteElo "2202"]
[BlackElo "2509"]
[WhiteTeam "ESP"]
[BlackTeam "ESP"]
[WhiteClock "0:00:00"]
[BlackClock "0:00:29"]

1. d4 d5 2. c4 e6 3. Nc3 a6 4. cxd5 exd5 5. Bf4 Nf6 6. e3 c5 7. Nf3 c4 8. Be2 Be7 9. O-O O-O 10. Ne5 b5 11. a3 Bb7 12. g4 Nbd7 13. g5 Ne4 14. Nxe4 dxe4 15. Nxd7 Qxd7 16. Kh1 Bd5 17. Rg1 Bd6 18. Bg3 a5 19. Bg4 Qc6 20. Bh3 b4 21. axb4 axb4 22. Qh5 g6 23. Qg4 Be6 24. Qh4 Bxh3 25. Qxh3 c3 26. bxc3 bxc3 27. Bxd6 Qxd6 28. Rac1 Rac8 29. Qh4 Qd5 30. Rg3 c2 31. Rh3 h5 32. gxh6 Qf5 33. h7+ Kh8 34. Qh6 Rfe8 35. Qh4 Rc6 36. Rg3 Rb8 37. Qe7 Kxh7 0-1

[Event "December 19 Early 2023"]
[Site "https://www.chess.com"]
[Date "2023.12.19"]
[Round "3"]
[White "Joel Paul Ganta"]
[Black "Karas, Marek"]
[Result "0-1"]
[Board "183"]
[TimeControl "180+1"]
[WhiteFideId "35066145"]
[BlackFideId "14928558"]
[WhiteElo "1891"]
[BlackElo "2218"]
[WhiteTeam "IND"]
[BlackTeam "CZE"]
[WhiteClock "0:00:06"]
[BlackClock "0:00:10"]

1. e4 e6 2. d4 d5 3. exd5 exd5 4. c4 Nf6 5. Nc3 Be7 6. Nf3 O-O 7. Be2 Bg4 8. O-O Nc6 9. Be3 dxc4 10. Bxc4 Nb4 11. h3 Bh5 12. g4 Bg6 13. Rc1 c6 14. Ne5 Nbd5 15. Nxg6 hxg6 16. Bd2 Bd6 17. Bg5 Qd7 18. Qf3 Nh7 19. Bh4 g5 20. Bxd5 gxh4 21. Be4 Ng5 22. Qd3 Bf4 23. Rcd1 Rad8 24. d5 c5 25. Bf5 Qd6 26. Ne4 Nxe4 27. Bxe4 g6 28. Qf3 Kg7 29. Rfe1 Rde8 30. Kg2 Re7 31. Bc2 Rfe8 32. Rxe7 Rxe7 33. a3 b5 34. Qc3+ Be5 35. Qd3 Bd4 36. Qxb5 Qxd5+ 37. Kg1 Qf3 38. Qf1 Re2 39. Rxd4 cxd4 40. Bd1 d3 41. Bxe2 Qxe2 42. f3 Qe3+ 43. Qf2 Qc1+ 44. Kg2 Qc2 45. f4 d2 46. Qd4+ Kh7 0-1

[Event "December 19 Early 2023"]
[Site "https://www.chess.com"]
[Date "2023.12.19"]
[Round "3"]
[White "Kochiev, Ivan"]
[Black "Kornyukov, Alexey"]
[Result "1-0"]
[Board "184"]
[TimeControl "180+1"]
[WhiteFideId "2917890"]
[BlackFideId "4150457"]
[WhiteElo "2285"]
[BlackElo "2352"]
[WhiteTeam "BUL"]
[BlackTeam "RUS"]
[WhiteClock "0:00:06"]
[BlackClock "0:00:09"]

1. e4 c5 2. Nf3 Nc6 3. d4 cxd4 4. Nxd4 e5 5. Nb5 a6 6. Nd6+ Bxd6 7. Qxd6 Qe7 8. Qxe7+ Ngxe7 9. c3 O-O 10. Bd3 d5 11. O-O dxe4 12. Bxe4 f5 13. Bc2 Be6 14. Be3 Nd5 15. Bc5 Rfd8 16. Rd1 b6 17. Ba3 e4 18. Nd2 Ne5 19. Nb3 Bf7 20. Nd4 g6 21. Bb3 Rac8 22. Rd2 Nc4 23. Bxc4 Rxc4 24. g3 e3 25. fxe3 Nxe3 26. Re1 Ng4 27. Red1 Ne3 28. Nxf5 Rxd2 29. Ne7+ Kf8 30. Rxd2 Kg7 31. Bd6 Rc6 32. Nxc6 Nf5 33. Be5+ Kh6 34. Bf4+ Kh5 35. Ne5 Bxa2 36. g4+ Kh4 37. gxf5 gxf5 38. Rd3 Bg8 39. Rg3 Be6 40. Rg5 h6 41. Nf3+ Kh3 42. Rg3# 1-0

[Event "December 19 Early 2023"]
[Site "https://www.chess.com"]
[Date "2023.12.19"]
[Round "3"]
[White "Caceres Benitez, Arturo Eduardo"]
[Black "Shapiro, Daniel"]
[Result "1-0"]
[Board "185"]
[TimeControl "180+1"]
[WhiteFideId "3710769"]
[BlackFideId "2001780"]
[WhiteElo "2045"]
[BlackElo "2322"]
[WhiteTeam "PAR"]
[BlackTeam "USA"]
[WhiteClock "0:00:08"]
[BlackClock "0:00:00"]

1. b3 e5 2. Bb2 d6 3. e4 Nf6 4. Nc3 Be7 5. Bc4 O-O 6. Nge2 c6 7. f4 d5 8. exd5 cxd5 9. fxe5 dxc4 10. exf6 Bxf6 11. bxc4 Qb6 12. Rb1 Bg4 13. Nd5 Qe6 14. Nxf6+ gxf6 15. h3 Bh5 16. g4 Bg6 17. O-O Qxc4 18. Bxf6 Nd7 19. Bc3 Rfe8 20. Nd4 Nc5 21. Rb4 Qd5 22. Nf5 Ne4 23. Nh6+ Kf8 24. Rd4 Qg5 25. Bb4+ Nc5 26. Nxf7 Bxf7 27. Qf3 Re7 28. Rf4 Kg8 29. Rxf7 Rae8 30. Bc3 Ne6 31. Rxe7 Rxe7 32. Kg2 Qg6 33. Qf5 Qxf5 34. gxf5 Nc5 35. f6 Rf7 36. Re1 1-0

[Event "December 19 Early 2023"]
[Site "https://www.chess.com"]
[Date "2023.12.19"]
[Round "3"]
[White "Obon Temprano, Sergi"]
[Black "Kurmangaliyeva, Liya"]
[Result "0-1"]
[Board "186"]
[TimeControl "180+1"]
[WhiteFideId "2226545"]
[BlackFideId "13725831"]
[WhiteElo "2135"]
[BlackElo "2077"]
[WhiteTeam "ESP"]
[BlackTeam "KAZ"]
[WhiteClock "0:00:09"]
[BlackClock "0:00:48"]

1. d4 d5 2. Nf3 Nf6 3. e3 e6 4. Bd3 Nbd7 5. O-O Bd6 6. b3 O-O 7. Bb2 Qe7 8. Ne5 c5 9. f4 a6 10. Nd2 b5 11. c4 dxc4 12. bxc4 b4 13. Ne4 Bb7 14. Nxd6 Qxd6 15. Qc2 Rac8 16. Rad1 Rfd8 17. dxc5 Qxc5 18. Bd4 Qc7 19. Nxd7 Rxd7 20. Be5 Qc6 21. Bxf6 gxf6 22. Bxh7+ Kg7 23. Rxd7 Qxd7 24. Be4 Bxe4 25. Qxe4 Qd2 26. f5 e5 27. h3 Qxa2 28. Rf3 Qxc4 29. Rg3+ Kf8 30. Qb7 Qc6 31. Qxb4+ Qc5 32. Qa4 a5 33. h4 Rb8 34. h5 Rb1+ 35. Kh2 Qc1 36. Rf3 Qh1+ 37. Kg3 Rb4 38. Qxa5 Qh4# 0-1

[Event "December 19 Early 2023"]
[Site "https://www.chess.com"]
[Date "2023.12.19"]
[Round "3"]
[White "Ljukin, Sergei"]
[Black "Vincenti, Leonardo"]
[Result "1-0"]
[Board "187"]
[TimeControl "180+1"]
[WhiteFideId "14102200"]
[BlackFideId "28550820"]
[WhiteElo "2319"]
[BlackElo "2054"]
[WhiteTeam "UKR"]
[BlackTeam "ITA"]
[WhiteClock "0:01:31"]
[BlackClock "0:00:43"]

1. e4 e5 2. Nf3 Nf6 3. Nxe5 d6 4. Nf3 Nxe4 5. d3 Nf6 6. d4 Bf5 7. Be2 Be7 8. O-O O-O 9. c4 Nbd7 10. Nc3 Re8 11. Bf4 h6 12. h3 Ne4 13. Re1 Ndf6 14. Bd3 Bf8 15. Qc2 Nxc3 16. Bxf5 g6 17. Bd3 Nh5 18. Be3 Rxe3 19. Rxe3 Qf6 20. bxc3 Nf4 21. Rae1 Qg5 22. Nxg5 1-0

[Event "December 19 Early 2023"]
[Site "https://www.chess.com"]
[Date "2023.12.19"]
[Round "3"]
[White "DeyanKostov"]
[Black "Skurikhin, Dmitrij"]
[Result "1-0"]
[Board "188"]
[TimeControl "180+1"]
[BlackFideId "4161297"]
[WhiteElo "2469"]
[BlackElo "2197"]
[BlackTeam "RUS"]
[WhiteClock "0:00:25"]
[BlackClock "0:00:07"]

1. d4 d5 2. c4 c6 3. Nc3 Nf6 4. Nf3 dxc4 5. a4 Bf5 6. e3 e6 7. Bxc4 Bb4 8. O-O Nbd7 9. Bd3 Bg6 10. Re1 Qa5 11. Qc2 O-O 12. Bxg6 hxg6 13. Bd2 c5 14. h3 Rac8 15. Qb3 Rfd8 16. Rac1 a6 17. Red1 cxd4 18. Nxd4 Nc5 19. Qa2 Nd3 20. Rc2 Qh5 21. Qb1 e5 22. Nf3 e4 23. Nd4 Nc5 24. Nce2 Bxd2 25. Rcxd2 Qe5 26. Nc6 bxc6 27. Rxd8+ Rxd8 28. Rxd8+ Kh7 29. Rd4 Nd5 30. b4 Nd3 31. Ng3 f5 32. Qb3 Qb8 33. Qc4 N3xb4 34. h4 Qe5 35. Qc5 Qf6 36. Rxb4 Nxb4 37. Qxb4 Qxh4 38. Qc4 a5 39. Qxc6 Qd8 40. Qb5 Qd1+ 41. Kh2 Qe1 42. Qe2 Qb4 43. Qc2 Kh6 44. Ne2 Qe1 45. Nd4 Qb4 46. g3 Qe1 47. Kg2 Qb4 48. Qd1 Qa3 49. Qh1+ Kg5 50. Qh4# 1-0

[Event "December 19 Early 2023"]
[Site "https://www.chess.com"]
[Date "2023.12.19"]
[Round "3"]
[White "Silvestre, Christian"]
[Black "Serra Canals, Oriol"]
[Result "0-1"]
[Board "189"]
[TimeControl "180+1"]
[WhiteFideId "30956269"]
[BlackFideId "22276084"]
[WhiteElo "2242"]
[BlackElo "2108"]
[WhiteTeam "USA"]
[BlackTeam "ESP"]
[WhiteClock "0:00:00"]
[BlackClock "0:01:05"]

1. e4 e6 2. d4 d5 3. Nc3 Bb4 4. e5 c5 5. a3 Bxc3+ 6. bxc3 Ne7 7. Qg4 cxd4 8. Qxg7 Rg8 9. Qxh7 Qc7 10. Ne2 dxc3 11. f4 Nbc6 12. Qd3 d4 13. Nxd4 Nxd4 14. Qxd4 Bd7 15. Be3 Nf5 16. Qc5 Bc6 17. Bf2 Rd8 18. Bb5 Rxg2 19. Bxc6+ bxc6 20. Rg1 Rxg1+ 21. Bxg1 Qd7 22. Qxc3 Qd5 23. Bf2 Qe4+ 24. Kf1 Qxf4 25. Qxc6+ Kf8 26. Qc5+ Kg8 27. Kg1 Rd2 28. Rf1 Qg4+ 29. Kh1 Qf3+ 30. Kg1 Nh4 0-1

[Event "December 19 Early 2023"]
[Site "https://www.chess.com"]
[Date "2023.12.19"]
[Round "3"]
[White "Kovalyov, Eduard"]
[Black "Bach, Matthias"]
[Result "1/2-1/2"]
[Board "190"]
[TimeControl "180+1"]
[WhiteFideId "14118033"]
[BlackFideId "4603168"]
[WhiteElo "2300"]
[BlackElo "2130"]
[WhiteTeam "UKR"]
[BlackTeam "GER"]
[WhiteClock "0:00:16"]
[BlackClock "0:00:18"]

1. Nf3 d5 2. d4 c5 3. c4 cxd4 4. cxd5 Qxd5 5. Nc3 Qa5 6. Nxd4 a6 7. g3 e5 8. Nb3 Qd8 9. Qxd8+ Kxd8 10. Bg2 Nc6 11. Bg5+ f6 12. O-O-O+ Kc7 13. Nd5+ Kb8 14. Be3 Nb4 15. Nb6 Nxa2+ 16. Kb1 Nb4 17. Nxa8 Kxa8 18. Rd8 Ne7 19. Rc1 Nbc6 20. Re8 Kb8 21. Bb6 g6 22. Ka1 Bg7 23. Rxh8 Bxh8 24. Na5 Bd7 25. Nxc6+ Bxc6 26. Bxc6 Nxc6 27. e4 f5 28. f3 Bf6 29. Rd1 Kc8 30. Ka2 Nd4 31. Bxd4 exd4 32. Kb3 Kd7 33. Kc4 Kd6 34. Kd3 fxe4+ 35. Kxe4 Kc5 36. Kd3 Kb4 37. Kc2 Kc4 38. b3+ Kb4 39. f4 b5 40. g4 a5 41. f5 gxf5 42. gxf5 a4 43. bxa4 bxa4 44. Rb1+ Kc4 45. Rb6 d3+ 46. Kd2 Bg5+ 47. Kd1 a3 48. Ra6 Kb3 49. Rb6+ Kc3 50. Ra6 Kb3 51. f6 a2 52. f7 Be7 53. Rxa2 Kxa2 54. Kd2 Kb3 55. Kxd3 Kb4 56. Kd4 Kb5 57. Kd5 Bf8 58. Ke6 Kc6 59. h4 Kc7 60. h5 Kc8 61. Kf6 Kd8 62. Ke6 Kc8 63. Kf6 Kd8 64. Ke6 Kc7 65. Kf6 Kd7 66. Ke5 Ke7 67. Kf5 Kxf7 68. Kf4 Kg7 69. Kg3 Be7 70. h6+ Kxh6 71. Kh2 Kg5 72. Kh1 h5 73. Kg1 h4 74. Kh1 h3 75. Kh2 Bd6+ 76. Kxh3 1/2-1/2

[Event "December 19 Early 2023"]
[Site "https://www.chess.com"]
[Date "2023.12.19"]
[Round "3"]
[White "Veleshnja, Zino"]
[Black "Chemin, Justo Reinaldo"]
[Result "1/2-1/2"]
[Board "191"]
[TimeControl "180+1"]
[WhiteFideId "4701313"]
[BlackFideId "2101580"]
[WhiteElo "2216"]
[BlackElo "1940"]
[WhiteTeam "ALB"]
[BlackTeam "BRA"]
[WhiteClock "0:00:59"]
[BlackClock "0:00:02"]

1. d4 d5 2. c4 e6 3. Nc3 c6 4. cxd5 exd5 5. Qc2 Nf6 6. Bg5 Be7 7. e3 Nbd7 8. Bd3 Nh5 9. Bxe7 Qxe7 10. Nge2 g6 11. g4 Ng7 12. O-O-O Nb6 13. Nf4 Ne6 14. h3 Bd7 15. Kb1 Nxf4 16. exf4 O-O-O 17. f5 Qf6 18. f4 gxf5 19. g5 Qxd4 20. Bxf5 Qxf4 21. Nxd5 Qxg5 22. Rhg1 Bxf5 23. Ne7+ Qxe7 24. Qxf5+ Qe6 25. Qf4 Rhe8 26. Rde1 Qxe1+ 27. Rxe1 Rxe1+ 28. Kc2 Rde8 29. Qxf7 R8e7 30. Qf8+ Kc7 31. Qf4+ Kd7 32. a4 Nd5 33. Qg4+ Kc7 34. Qg3+ Kb6 35. Qb3+ Kc7 36. Qg3+ Kd7 37. Qg4+ R7e6 38. Qg7+ Re7 39. Qg4+ 1/2-1/2

[Event "December 19 Early 2023"]
[Site "https://www.chess.com"]
[Date "2023.12.19"]
[Round "3"]
[White "Porozhnyak, Maya"]
[Black "Hobson, Kenneth"]
[Result "1-0"]
[Board "192"]
[TimeControl "180+1"]
[WhiteFideId "34115843"]
[BlackFideId "480819"]
[WhiteElo "1932"]
[BlackElo "1953"]
[WhiteTeam "RUS"]
[BlackTeam "ENG"]
[WhiteClock "0:00:22"]
[BlackClock "0:00:00"]

1. e4 e5 2. Nf3 Nc6 3. d4 exd4 4. c3 d5 5. exd5 Qxd5 6. Nxd4 Nxd4 7. cxd4 Nf6 8. Nc3 Qa5 9. Qe2+ Be6 10. Qb5+ Qxb5 11. Bxb5+ c6 12. Be2 O-O-O 13. Be3 Bb4 14. O-O Nd5 15. Nxd5 Bxd5 16. a3 Bd6 17. b4 f5 18. Bg5 Rde8 19. Bd3 Be4 20. Bc4 f4 21. f3 Bf5 22. d5 h6 23. Bh4 g5 24. Bf2 Kb8 25. dxc6 bxc6 26. Rfd1 Be5 27. Ra2 Rd8 28. Rc1 h5 29. Ba6 g4 30. Bh4 Rd6 31. Re2 Bd4+ 32. Kh1 gxf3 33. gxf3 Be3 34. Rce1 Rg8 35. Bc4 Rg7 36. Rxe3 fxe3 37. Bg3 Rxg3 38. hxg3 Rg6 39. Kh2 Be6 40. Bd3 Rf6 41. Rxe3 Bd5 42. Kg2 Kc7 43. Be4 Kd6 44. Bxd5 Kxd5 45. Rc3 a6 46. Rc5+ Kd4 47. Rxh5 Kc3 48. Ra5 Kc4 49. Rxa6 Kb5 50. Ra5+ Kb6 51. Rc5 Rd6 52. Rc3 Rd4 53. Kh3 Rd1 54. g4 Kb5 55. g5 Ka4 56. Kg4 Rg1+ 57. Kf5 Rg3 58. g6 Rg1 59. Kf6 c5 60. bxc5 Kb5 61. g7 Kc6 62. Kf7 1-0

[Event "December 19 Early 2023"]
[Site "https://www.chess.com"]
[Date "2023.12.19"]
[Round "3"]
[White "Wanyama, Harold"]
[Black "Hartikainen, Jarmo"]
[Result "0-1"]
[Board "193"]
[TimeControl "180+1"]
[WhiteFideId "10000380"]
[BlackFideId "503134"]
[WhiteElo "2228"]
[BlackElo "2130"]
[WhiteTeam "UGA"]
[BlackTeam "FIN"]
[WhiteClock "0:01:03"]
[BlackClock "0:00:17"]

1. d4 d5 2. c4 c5 3. dxc5 e6 4. cxd5 Bxc5 5. Nc3 Nf6 6. e4 exd5 7. exd5 O-O 8. Be2 Nbd7 9. Nf3 Nb6 10. Bg5 Nbxd5 11. Qb3 Nxc3 12. bxc3 Bxf2+ 13. Kf1 Bb6 14. Rd1 Qe7 15. Bc4 Bg4 16. Re1 Qc5 17. Be3 Qc7 18. Bxb6 axb6 19. Ne5 Be6 20. Bxe6 fxe6 21. Qxe6+ Kh8 22. Nf3 Rfe8 23. Qb3 Ne4 24. Qb4 Qc6 25. Re2 Nxc3 26. Rc2 Qb5+ 27. Qxb5 Nxb5 28. h4 h6 29. h5 Nd6 30. Rh4 Nf5 31. Rb4 Ne3+ 0-1

[Event "December 19 Early 2023"]
[Site "https://www.chess.com"]
[Date "2023.12.19"]
[Round "3"]
[White "Garrido, Denis"]
[Black "Gulamirian, Korun"]
[Result "1-0"]
[Board "194"]
[TimeControl "180+1"]
[WhiteFideId "601217"]
[BlackFideId "4144899"]
[WhiteElo "2408"]
[BlackElo "1621"]
[WhiteTeam "FRA"]
[BlackTeam "RUS"]
[WhiteClock "0:01:18"]
[BlackClock "0:00:07"]

1. d4 g6 2. c4 Bg7 3. Nc3 e6 4. e4 Ne7 5. h4 O-O 6. h5 d5 7. cxd5 exd5 8. e5 Bf5 9. Be3 a6 10. Qd2 Qd7 11. Bh6 Re8 12. Bxg7 Kxg7 13. g4 Bxg4 14. hxg6 h5 15. gxf7 Kxf7 16. Nh3 Ng6 17. Ng5+ Kg7 18. f3 Bf5 19. Rxh5 Rh8 20. Rxh8 Kxh8 21. O-O-O Nc6 22. Qh2+ Kg8 23. Be2 Qg7 24. Qh5 Nce7 25. Rg1 Rc8 26. Na4 b6 27. Bxa6 Ra8 28. Bb5 c6 29. Nxb6 Rb8 30. Na4 cxb5 31. Nc5 Nc6 32. Nge6 Bxe6 33. Rxg6 Nxd4 34. Rxg7+ Kxg7 35. Qg5+ Kf7 36. Qf6+ Kg8 37. Nxe6 Nxe6 38. Qxe6+ Kg7 39. Qd7+ Kg6 40. Qd6+ Kf5 41. Qxb8 1-0

[Event "December 19 Early 2023"]
[Site "https://www.chess.com"]
[Date "2023.12.19"]
[Round "3"]
[White "Serreau, David"]
[Black "Tay, Junior"]
[Result "0-1"]
[Board "195"]
[TimeControl "180+1"]
[WhiteFideId "631957"]
[BlackFideId "5800439"]
[WhiteElo "1994"]
[BlackElo "2216"]
[WhiteTeam "FRA"]
[BlackTeam "SGP"]
[WhiteClock "0:00:00"]
[BlackClock "0:01:13"]

1. Nf3 d5 2. c4 e6 3. g3 c5 4. Bg2 Nc6 5. O-O Nf6 6. d4 cxd4 7. Nxd4 Bc5 8. Nxc6 bxc6 9. cxd5 exd5 10. Qc2 Qb6 11. Nc3 Be7 12. Na4 Qa6 13. Nc5 Qb5 14. Nb3 Bd7 15. Bg5 O-O 16. Rac1 Rac8 17. Rfd1 h6 18. Bxf6 Bxf6 19. Nc5 Bg4 20. Nd3 Rfe8 21. Re1 Bf5 22. b3 a5 23. Qd2 Bg5 24. f4 Bf6 25. Nc5 Re7 26. e4 dxe4 27. Bxe4 Rce8 28. a4 Qb6 29. Kg2 Bxe4+ 30. Rxe4 Rxe4 31. Nxe4 Rxe4 0-1

[Event "December 19 Early 2023"]
[Site "https://www.chess.com"]
[Date "2023.12.19"]
[Round "3"]
[White "Nan M K Khine Hlyan"]
[Black "Shimanov, Aleksandr"]
[Result "0-1"]
[Board "196"]
[TimeControl "180+1"]
[WhiteFideId "13002899"]
[BlackFideId "4198603"]
[WhiteElo "1943"]
[BlackElo "2611"]
[WhiteTeam "MYA"]
[BlackTeam "RUS"]
[WhiteClock "0:00:38"]
[BlackClock "0:01:11"]

1. e4 c6 2. d4 d5 3. Nc3 dxe4 4. Nxe4 Bf5 5. Ng3 Bg6 6. h4 h6 7. Nf3 Nd7 8. h5 Bh7 9. Bd3 Bxd3 10. Qxd3 e6 11. Bd2 a5 12. Ne4 Ngf6 13. Ne5 Nxe5 14. dxe5 Qxd3 15. cxd3 Nd5 16. O-O-O a4 17. d4 a3 18. b3 Be7 19. g4 O-O-O 20. Kb1 b6 21. Rhe1 Rd7 22. f4 Nc7 23. Bc1 Nb5 24. Be3 Rhd8 25. Rc1 Kb7 26. f5 Nxd4 27. Bxd4 Rxd4 28. f6 gxf6 29. exf6 Bf8 30. g5 hxg5 31. Nxg5 R8d7 32. Nh7 Bh6 33. Rc2 Rd1+ 34. Rc1 Bxc1 35. Rxd1 Rxd1 36. Kc2 Rh1 37. Nf8 Kc7 38. Nxe6+ fxe6 39. f7 Bh6 0-1